 Dungeon Crawl Stone Soup version 0.31-a0-175-g9f7f995f2b (webtiles) character file.

Game seed: 10796291844741638693

81228 cforsyth the Spry (level 15, -7/75 (77) HPs)
             Began as a Felid Summoner on June 16, 2023.
             Was an Initiate of Gozag.
             Engulfed by their own flame (15 damage)
             ... on level 2 of the Snake Pit on June 17, 2023.
             The game lasted 01:50:47 (43585 turns).

cforsyth the Spry (Felid Summoner)                 Turns: 43585, Time: 01:50:47

HP:   -7/75 (77)    AC: 11    Str:  4    XL:     15   Next: 26%
MP:   9/31          EV: 32    Int: 23    God:    Gozag
Gold: 1121          SH:  0    Dex: 18    Spells: 7/36 levels left
                                        Lives: 0   Deaths: 4

rFire   . . .        (weapon unavailable)
rCold   + . .        (shield unavailable)
rNeg    . . .        (body armour unavailable)
rPois   .            (helmet unavailable)
rElec   .            (cloak unavailable)
rCorr   .            (gloves unavailable)
SInv    +            (boots unavailable)
Will    ++...        (no amulet)
Stlth   ++           D - +4 ring of protection
HPRegen 0.32/turn    k - +4 ring of protection
MPRegen 0.22/turn

%: no passive effects
@: forested, studying Stealth, lightly drained, quick
A: very small, claws 1, fangs 3, see invisible, speed 1, shaggy fur 3, stealthy
paws, no weapons or thrown items, no armour, multi-lived
a: Renounce Religion, Potion Petition, Call Merchant, Bribe Branch


You were on level 2 of the Snake Pit.
You worshipped Gozag.
Gozag was most pleased with you.
You visited 5 branches of the dungeon, and saw 25 of its levels.
You also visited: Ice Cave and Volcano.

You collected 10339 gold pieces.
You spent 2474 gold pieces at shops.
You paid 6744 gold pieces to Gozag.

Inventory:

Jewellery
 d - a ring of flight
 j - a ring of poison resistance
 k - a +4 ring of protection (right paw)
 z - a ring of ice
 D - a +4 ring of protection (left paw)
Wands
 b - a wand of flame (1)
 c - a wand of paralysis (6)
 v - a wand of roots (17)
 x - a wand of light (6)
 y - a wand of digging (3)
Scrolls
 e - 5 scrolls of amnesia
 m - 2 scrolls of fear {unknown}
 p - 2 scrolls of teleportation
 t - a scroll of blinking
 w - 2 scrolls of identify
Potions
 a - a potion of experience
 f - 5 potions of enlightenment
 g - 5 potions of mutation
 h - 10 potions of haste
 i - 3 potions of berserk rage
 l - 4 potions of cancellation
 n - 11 potions of curing
 o - 2 potions of ambrosia
 q - 4 potions of might
 r - 4 potions of lignification
 s - 6 potions of brilliance
 u - 2 potions of heal wounds
 C - 2 potions of attraction
 E - a potion of resistance


   Skills:
 - Level 15.1 Fighting
 - Level 19.4 Dodging
 - Level 2.6 Stealth
 - Level 11.0 Spellcasting
 - Level 4.0 Hexes
 - Level 12.0 Summonings
 - Level 4.0 Translocations
 + Level 10.0 Transmutations
 + Level 9.4 Air Magic


You had 7 spell levels left.
You knew the following spells:

 Your Spells              Type           Power      Damage    Failure   Level
a - Summon Small Mammal   Summ           100%       N/A       1%          1
b - Call Imp              Summ           100%       N/A       1%          2
c - Call Canine Familiar  Summ           61%        N/A       1%          3
d - Summon Guardian Gole  Hex/Summ       49%        N/A       1%          3
e - Summon Lightning Spi  Summ/Air       58%        N/A       1%          4
f - Summon Forest         Summ/Tloc      24%        N/A       5%          5
g - Summon Cactus Giant   Summ           30%        N/A       5%          6
h - Summon Mana Viper     Hex/Summ       49%        N/A       5%          5

Your spell library contained the following spells:

 Spells                   Type           Power      Damage    Failure   Level
 Apportation              Tloc           62%        N/A       1%          1
 Blink                    Tloc           62%        N/A       1%          2
 Lesser Beckoning         Tloc           62%        N/A       1%          2
 Poisonous Vapours        Pois/Air       68%        N/A       1%          2
 Spider Form              Tmut/Pois      35%        N/A       1%          3
 Momentum Strike          Conj/Tloc      42%        3d9       3%          2
 Confusing Touch          Hex            31%        N/A       3%          3
 Gell's Gravitas          Tloc           31%        N/A       3%          3
 Teleport Other           Tloc           31%        N/A       3%          3
 Foxfire                  Conj/Fire      48%        2x1d6     4%          1
 Freeze                   Ice            48%        1d6       4%          1
 Kiss of Death            Conj/Necr      48%        2d9       4%          1
 Mephitic Cloud           Conj/Pois/Air  27%        N/A       4%          3
 Summon Ice Beast         Ice/Summ       40%        N/A       4%          4
 Ice Form                 Ice/Tmut       35%        N/A       6%          4
 Petrify                  Tmut/Erth      35%        N/A       6%          4
 Dazzling Flash           Conj/Hex       42%        N/A       7%          3
 Inner Flame              Hex/Fire       21%        N/A       7%          3
 Volatile Blastmotes      Fire/Tloc      42%        2d13      7%          3
 Sublimation of Blood     Necr           12%        N/A       8%          2
 Yara's Violent Unravell  Hex/Tmut       22%        3d10      8%          5
 Frozen Ramparts          Ice            24%        1d4       16%         3
 Hailstorm                Conj/Ice       12%        3d5       16%         3
 Alistair's Intoxication  Tmut/Pois      23%        N/A       19%         5
 Irradiate                Conj/Tmut      17%        3d17      19%         5
 Iskenderun's Mystic Bla  Conj/Tloc      21%        2d6       22%         4
 Monstrous Menagerie      Summ           30%        N/A       30%         7
 Summon Hydra             Summ           30%        N/A       30%         7
 Freezing Cloud           Conj/Ice/Air   13%        6-21      36%         5
 Dispel Undead            Necr           12%        3d9       45%         4
 Flame Wave               Conj/Fire      12%        2d6       45%         4
 Sticky Flame             Conj/Fire      12%        2d4       45%         4
 Eringya's Noxious Bog    Tmut/Pois      17%        N/A       69%         6
 Conjure Ball Lightning   Conj/Air       17%        3x3d6     75%         6
 Plasma Beam              Fire/Air       17%        2x1d28    75%         6
 Fireball                 Conj/Fire      6%         3d5       80%         5
 Iskenderun's Battlesphe  Conj           12%        2d7       80%         5
 Haunt                    Necr/Summ      20%        N/A       98%         7
 Spellforged Servitor     Conj/Summ      20%        N/A       98%         7
 Leda's Unmaking          Conj/Erth      6%         9d2       100%        6
 Starburst                Conj/Fire      6%         6d4       100%        6
 Enfeeble                 Hex            15%        N/A       100%        7
 Ozocubu's Refrigeration  Ice            6%         4d8       100%        7
 Discord                  Hex            15%        N/A       100%        8
 Disjunction              Tloc           15%        N/A       100%        8
 Infestation              Necr           6%         N/A       100%        8
 Polar Vortex             Ice            6%         N/A       100%        9
 Animate Dead             Necr           Unusable   N/A       N/A         4
 Simulacrum               Ice/Necr       Unusable   N/A       N/A         6

Dungeon Overview and Level Annotations

Branches:
Dungeon (15/15)            Temple (1/1) D:6            Lair (5/5) D:11
  Swamp (0/4) Lair:2        Snake (2/4) Lair:3        Slime (0/5) Lair:5
    Orc (2/2) D:11            Elf (0/3) Orc:2        Vaults (0/5) D:14
 Depths (0/4) D:15          IceCv (visited)         Volcano (visited)

Altars:
Dithmenos
Elyvilon
Fedhas
Gozag
Hepliaklqana
Kikubaaqudgha
Makhleb
Nemelex Xobeh
Okawaru
Ru
Sif Muna
Trog
Uskayaw
Vehumet
Wu Jian
Xom
Yredelemnul
Zin
Jiyva

Shops:
D:11 =   Orc:2 ?:[=   Lair:1 ::*::

Annotations:
Lair:4 exclusion: oklob plant
Lair:5 1 runed translucent door
Snake:2 Vashnia


Innate Abilities, Weirdness & Mutations

You have sharp claws.
You have razor-sharp teeth.
You have supernaturally acute eyesight. (SInv)
You cover ground quickly. (Speed+)
Your thick and shaggy fur keeps you warm. (AC +3, rC+)
Your paws help you pounce on unaware monsters.
You are incapable of wielding weapons or throwing items.
You cannot wear armour.
You gain extra lives every three experience levels.


Message History

The bolt hits your cactus giant!!!
Casting: Summon Small Mammal (safe; 1% risk of failure)
Press: ? - help, Q - select action, (/) - cycle Dir - look around, f - activate
Okay, then.
Unknown command.
Unknown command.
You feel much better.
The trees move their gnarly branches around.
A root smacks Vashnia from below!
The naga sharpshooter unwields a +0 mace.
The naga sharpshooter wields a +1 shortbow of draining.
You sense an unholy aura.
The naga sharpshooter mumbles some strange words.
Vashnia shoots a bolt.
The bolt hits your dryad!!
A root smacks Vashnia from below!
A tree reaches out and hits the naga sharpshooter!
Your snaplasher vine falls limply to the ground.
The naga sharpshooter mumbles some strange words.
The naga sharpshooter magically shoots an arrow.
The arrow barely misses you.
Your guardian golem overheats!
Your dryad barely misses Vashnia.
Vashnia shoots a bolt.
The bolt hits your dryad!! Flame seeps out of your guardian golem.
A tree reaches out and hits Vashnia!
The naga sharpshooter is hit by a branch!
The naga sharpshooter mumbles some strange words.
The naga sharpshooter magically shoots an arrow.
The arrow hits you!
You feel drained.
Your guardian golem is engulfed in blazing flames.
Flame seeps out of your guardian golem.
Vashnia shoots a bolt.
The bolt closely misses your dryad. The bolt hits your mana viper!!!
Your guardian golem disappears in a puff of smoke!
Your guardian golem explodes!
The fiery explosion engulfs you!!
* * * LOW HITPOINT WARNING * * *
Your dryad completely misses Vashnia.
You hear a shout! x2
You are engulfed in blazing flames.
You die...
Your body crumbles into a pile of gold.

.*
♣#♣..♣♣###♣
...
#..N.......♣
...
♣.##N###.#♣..
...N ####R♣
..
....♣♣#.ΛS♣♣
...
♣....wC\.# ..
##..§....─♣#
.
#♣.....§....♣
#....♣°@..♣##
...♣.8....#
....♣..###.#
..♣.♣.## ...
...... ##...
.....# ###
...... #...♣.
#####


You could see Vashnia (ally target), 2 naga sharpshooters, a friendly dryad
(summoned, sheltered), a friendly mana viper (summoned, sheltered), a friendly
cactus giant (summoned, sheltered), a friendly snaplasher vine (sheltered) and a
friendly lightning spire (summoned, sheltered).

Vanquished Creatures
  A blink frog (Lair:4)
  A wolf (Lair:3)
  A centaur (Volcano)
  A jelly (D:4)
  An adder (D:3)
  2 orcs
  A jackal (D:3)
  A quokka (D:1)
  A bat (D:2)
10 creatures vanquished.

Vanquished Creatures (collateral kills)
  The ghost of Pooter the Severer, a journeyman MiBe of Trog (Orc:2)
  A vault guard (D:14)
  A fire dragon (D:15)
  A rakshasa (D:15)
  2 catoblepae
  3 hydras
  6 ogre magi
  3 anacondas
  Erica (D:10)
  10 two-headed ogres
  5 centaur warriors
  A boulder beetle (D:14)
  4 naga warriors (Snake:1)
  4 death yaks
  4 tengu warriors (D:15)
  Sonja (D:12)
  5 shock serpents
  4 naga sharpshooters
  A skyshark (Lair:3)
  3 sea snakes (Snake:1)
  A bog body (IceCv)
  3 deep elf pyromancers
  3 orc knights (D:14)
  A lindwurm (Lair:5)
  An orc sorcerer (Orc:2)
  A mana viper (shapeshifter) (D:14)
  5 mana vipers
  4 cyclopes
  7 ugly things
  A salamander (Lair:3)
  4 guardian serpents (Snake:1)
  7 elephants
  9 black mambas
  A torpor snail (Lair:5)
  11 cane toads
  2 naga magi (Snake:1)
  A hellion (D:15)
  A gargoyle (D:14)
  2 rime drakes
  6 efreet
  An unseen horror (D:10)
  4 komodo dragons
  Maggie (Lair:1)
  A kobold demonologist (D:10)
  An anaconda simulacrum (IceCv)
  2 yaktaurs (Volcano)
  A tengu conjurer (D:14)
  3 trolls
  3 meliai
  A hornet (D:8)
  3 polar bears
  4 dream sheep
  11 blink frogs
  Grinder (D:5)
  Prince Ribbit (D:9)
  13 slime creatures
  A dire elephant simulacrum (IceCv)
  A wraith (D:9)
  2 shadows
  25 yaks
  2 humans (D:14)
  7 basilisks
  11 vampire mosquitoes
  3 wyverns
  A steam dragon (D:9)
  A death yak simulacrum (IceCv)
  An acid dragon (D:10)
  11 nagas
  A two-headed ogre zombie (D:11)
  A hydra simulacrum (IceCv)
  14 water moccasins
  7 orc warriors
  3 sky beasts
  3 ice beasts
  7 wolves
  19 ogres
  5 centaurs
  A phantom (D:11)
  6 kobold brigands
  A gnoll sergeant (D:11)
  8 bullfrogs
  4 two-headed ogre simulacra (IceCv)
  2 scorpions
  6 wights (D:9)
  An elephant simulacrum (IceCv)
  A troll zombie (D:11)
  An electric eel (D:10)
  5 howler monkeys (D:8)
  3 lava snakes (Lair:3)
  10 orc priests
  3 jellies
  A sleepcap (D:6)
  A gnoll bouda (D:7)
  4 hounds
  Ijyb (D:4)
  3 iguanas
  4 hell rats (Lair:3)
  12 orc wizards
  2 spriggan simulacra (IceCv)
  A polar bear simulacrum (IceCv)
  A troll simulacrum (IceCv)
  A wolf simulacrum (IceCv)
  2 nameless horrors (Orc:2)
  5 ogre zombies (D:11)
  6 gnolls
  3 adders
  3 naga simulacra (IceCv)
  2 shadow imps (D:7)
  6 white imps
  5 ufetubi
  5 worms
  2 dart slugs
  54 orcs
  5 ball pythons
  7 endoplasms
  7 goblins
  4 hobgoblins
  7 jackals (D:3)
  30 kobolds
  3 quokkas
  5 bats
  A frilled lizard (D:3)
  A goblin skeleton (D:11)
  2 goblin zombies (D:11)
  2 hobgoblin skeletons (D:11)
  2 hobgoblin zombies (D:11)
  3 orc skeletons (D:11)
  14 orc zombies (D:11)
  3 rats
581 creatures vanquished.

Vanquished Creatures (others)
  Rupert (D:14)
  A frost giant (D:15)
  A red draconian (Volcano)
  3 hydras
  A vault guard (D:14)
  The ghost of logorrheac the Grappler, a novice TrBe of Trog (D:8)
  8 two-headed ogres
  7 death yaks
  A tengu warrior (D:15)
  2 skysharks
  A bog body (IceCv)
  Pikel (D:6)
  An orc sorcerer (Orc:2)
  An ugly thing (D:14)
  A cyclops (D:13)
  An ice statue (IceCv)
  6 elephants
  2 black mambas
  A torpor snail (Lair:2)
  2 cane toads
  A gargoyle (D:11)
  5 komodo dragons
  A rime drake (Lair:5)
  A troll (D:9)
  7 blink frogs
  A dream sheep (Lair:2)
  A dream sheep (shapeshifter) (D:14)
  8 slime creatures
  A spriggan (Lair:1)
  2 shadows (D:11)
  A wyvern (Lair:2)
  14 yaks
  2 basilisks
  A steam dragon (D:10)
  Edmund (D:6)
  2 death yak simulacra (IceCv)
  2 wargs
  A water moccasin (Lair:4)
  Duvessa (D:6)
  An ice beast (D:6)
  4 orc warriors
  10 ogres
  A centaur (Volcano)
  A lemure (D:6)
  13 wolves
  A phantom (D:6)
  Blork the orc (D:6)
  7 two-headed ogre simulacra (IceCv)
  A cane toad simulacrum (IceCv)
  Dowan (D:6)
  2 elephant simulacra (IceCv)
  An orc wizard (Orc:2)
  A hell rat (Lair:3)
  5 spriggan simulacra (IceCv)
  A polar bear simulacrum (IceCv)
  4 troll simulacra (IceCv)
  2 wolf simulacra (IceCv)
  An ogre zombie (D:11)
  A white imp (IceCv)
  An ufetubus (IceCv)
  3 orcs
  An orc zombie (D:11)
  7 snaplasher vines
167 creatures vanquished.

Grand Total: 758 creatures vanquished

Notes
Turn   | Place    | Note
-------+----------+-------------------------------------------
     0 | D:1      | cforsyth the Felid Summoner began the quest for the Orb.
     0 | D:1      | Reached XP level 1. HP: 7/7 MP: 4/4
   435 | D:1      | Reached XP level 2. HP: 11/11 MP: 3/6
   634 | D:1      | Learned a level 2 spell: Call Imp
  1254 | D:2      | Found a blossoming altar of Fedhas.
  1473 | D:2      | Reached XP level 3. HP: 13/14 MP: 4/8
  2514 | D:3      | Reached XP level 4. HP: 18/18 MP: 5/9
  2531 | D:3      | Learned a level 3 spell: Call Canine Familiar
  2535 | D:3      | Learned a level 3 spell: Summon Guardian Golem
  3498 | D:4      | Reached skill level 5 in Summonings
  3834 | D:4      | Noticed a scorpion
  3848 | D:4      | Killed a scorpion
  3849 | D:4      | Reached XP level 5. HP: 21/21 MP: 9/11
  3942 | D:4      | Noticed Ijyb
  3973 | D:4      | Killed Ijyb
  4033 | D:4      | Noticed an ogre
  4044 | D:4      | Killed an ogre
  4045 | D:4      | Gained mutation: You are covered in thick fur. (AC +2)
                  | [Felid growth]
  4045 | D:4      | Reached XP level 6. HP: 24/24 MP: 10/13
  4772 | D:5      | Entered Level 5 of the Dungeon
  4785 | D:5      | Reached skill level 5 in Spellcasting
  4959 | D:5      | Reached XP level 7. HP: 27/27 MP: 9/15
  5264 | D:5      | Noticed Grinder
  5302 | D:5      | Killed Grinder
  5404 | D:5      | Found a shimmering altar of Xom.
  5404 | D:5      | Found a glowing silver altar of Zin.
  5404 | D:5      | Noticed an angel
  5849 | D:6      | Noticed Pikel
  5854 | D:6      | Noticed Dowan
  5856 | D:6      | Noticed Duvessa
  5972 | D:6      | Reached skill level 1 in Hexes
  5978 | D:6      | Learned a level 4 spell: Summon Lightning Spire
  6060 | D:6      | Reached XP level 8. HP: 31/31 MP: 18/18
  6087 | D:6      | Killed Dowan
  6087 | D:6      | Killed Pikel
  6104 | D:6      | HP: 1/31 [Duvessa/+5 short sword of venom (10)]
  6246 | D:6      | Demolished by Duvessa
  6247 | D:6      | Reached XP level 7. HP: -16/27 MP: 18/18
  6257 | D:6      | Killed Duvessa
  6589 | D:6      | Noticed Edmund
  6607 | D:6      | Killed Edmund
  6608 | D:6      | Reached XP level 8. HP: 31/31 MP: 6/19
  6844 | D:6      | Found an ancient bone altar of Kikubaaqudgha.
  6844 | D:6      | Found a basalt altar of Yredelemnul.
  6850 | D:6      | Found a faded altar of an unknown god.
  6852 | D:6      | Found a sacrificial altar of Ru.
  6854 | D:6      | Found a hazy altar of Hepliaklqana.
  6923 | D:6      | Found a staircase to the Ecumenical Temple.
  6932 | Temple   | Entered the Ecumenical Temple
  6950 | Temple   | Became a worshipper of Gozag Ym Sagoz the Greedy
  7023 | D:6      | Noticed Blork the orc
  7072 | D:6      | Killed Blork the orc
  8393 | D:7      | Reached XP level 9. HP: 34/34 MP: 12/21
  9455 | D:8      | Reached skill level 10 in Summonings
  9728 | D:8      | Found a runed translucent door.
 10006 | D:8      | Noticed logorrheac's ghost (novice TrBe)
 10025 | D:8      | Killed logorrheac's ghost
 10110 | D:9      | Slain by a wight
 10111 | D:9      | Reached XP level 8. HP: 0/27 MP: 22/22
 10165 | D:9      | Noticed a troll
 10178 | D:9      | Killed a troll
 10179 | D:9      | Reached skill level 10 in Spellcasting
 10179 | D:9      | Reached skill level 3 in Dodging
 10179 | D:9      | Reached XP level 9. HP: 12/34 MP: 14/24
 10184 | D:9      | Reached skill level 1 in Fighting
 10202 | D:9      | Reached skill level 4 in Dodging
 10407 | D:9      | Found a sparkling altar of Nemelex Xobeh.
 10439 | D:9      | Reached skill level 5 in Dodging
 10563 | D:9      | Identified the +9 arbalest of Dewenn {penet, rN+}
 10608 | D:9      | Found a bloodstained altar of Trog.
 10802 | D:9      | Noticed Prince Ribbit
 10811 | D:9      | Killed Prince Ribbit
 10812 | D:9      | Reached skill level 6 in Dodging
 11014 | D:10     | Entered Level 10 of the Dungeon
 11084 | D:10     | Noticed a two-headed ogre
 11093 | D:10     | Killed a two-headed ogre
 11094 | D:10     | Reached skill level 7 in Dodging
 11094 | D:10     | Reached XP level 10. HP: 12/43 MP: 10/25
 11271 | D:10     | Reached skill level 5 in Fighting
 11417 | D:10     | Reached skill level 8 in Dodging
 11540 | D:10     | Found a radiant altar of Vehumet.
 11639 | D:10     | Found a white marble altar of Elyvilon.
 11639 | D:10     | Found an iron altar of Okawaru.
 11925 | D:10     | Noticed a rust devil
 11927 | D:10     | Noticed a soul eater
 12181 | D:10     | Noticed Erica
 12658 | D:11     | Reached skill level 9 in Dodging
 12807 | D:11     | Found a staircase to the Orcish Mines.
 13409 | D:11     | Found a staircase to the Lair.
 13563 | D:11     | Noticed a gargoyle
 13577 | D:11     | Killed a gargoyle
 13824 | D:12     | Reached XP level 11. HP: 48/50 MP: 12/26
 13937 | D:12     | Reached skill level 10 in Dodging
 14145 | D:12     | Noticed Sonja
 14156 | D:12     | Killed Sonja
 14233 | D:12     | Noticed a green ugly thing
 14247 | D:12     | Killed a green ugly thing
 14289 | D:12     | Noticed a two-headed ogre
 14299 | D:12     | Killed a two-headed ogre
 14300 | D:12     | Reached skill level 11 in Dodging
 14679 | D:12     | Noticed a two-headed ogre
 14690 | D:12     | Killed a two-headed ogre
 15351 | D:10     | Killed Erica
 15991 | Lair:1   | Entered Level 1 of the Lair of Beasts
 16025 | Lair:1   | Reached skill level 12 in Dodging
 16197 | Lair:1   | Noticed Maggie
 16219 | Lair:1   | Killed Maggie
 17102 | Lair:1   | Reached skill level 13 in Dodging
 17110 | Lair:1   | Gained mutation: Your thick and shaggy fur keeps you warm.
                  | (AC +3, rC+) [Felid growth]
 17110 | Lair:1   | Reached XP level 12. HP: 50/58 MP: 3/27
 17115 | Lair:1   | Reached skill level 10 in Fighting
 18338 | Lair:2   | Noticed a death yak
 18338 | Lair:2   | Noticed a death yak
 18338 | Lair:2   | Noticed a death yak
 18895 | Lair:2   | Killed a death yak
 18896 | Lair:2   | Reached skill level 14 in Dodging
 18904 | Lair:2   | Killed a death yak
 18915 | Lair:2   | Killed a death yak
 19443 | Lair:2   | Found a staircase to the Swamp.
 19564 | Lair:2   | Reached skill level 15 in Dodging
 21155 | Lair:3   | Reached XP level 13. HP: 44/64 MP: 16/28
 21294 | Lair:3   | Found a dark tunnel.
 21299 | Volcano  | Entered a volcano
 21399 | Volcano  | HP: 2/64 [centaur warrior/arrow (4)]
 21400 | Volcano  | Found a bloodstained altar of Trog.
 21402 | Volcano  | Noticed a red draconian
 21409 | Volcano  | Reached skill level 16 in Dodging
 21423 | Volcano  | Killed a red draconian
 22026 | Lair:3   | Found a staircase to the Snake Pit.
 22226 | Lair:3   | You are sucked into a shaft and drop 1 floor!
 22617 | Lair:4   | Reached skill level 17 in Dodging
 24774 | Lair:4   | Reached skill level 18 in Dodging
 25164 | Lair:5   | Entered Level 5 of the Lair of Beasts
 25167 | Lair:5   | Found a frozen archway.
 25296 | IceCv    | Entered an ice cave
 25694 | IceCv    | Reached XP level 14. HP: 72/72 MP: 29/29
 27887 | IceCv    | Engulfed by their own flame
 27888 | IceCv    | Reached XP level 13. HP: 0/68 MP: 27/28
 28333 | IceCv    | Identified the +5 scale mail "Ywkur" {rF+}
 29140 | Lair:5   | Found a runed translucent door.
 29148 | Lair:5   | Found a viscous altar of Jiyva.
 29151 | Lair:5   | Found a staircase to the Slime Pits.
 29611 | Lair:5   | Reached skill level 19 in Dodging
 29941 | Lair:5   | Reached skill level 15 in Fighting
 30666 | Lair:1   | Bought a Fen Folio for 630 gold pieces
 30672 | Lair:1   | Learned a level 5 spell: Summon Forest
 30702 | Orc:1    | Entered Level 1 of the Orcish Mines
 30922 | Orc:2    | Entered Level 2 of the Orcish Mines
 31345 | Orc:2    | Reached skill level 1 in Translocations
 31537 | Orc:2    | Found a runed translucent gate.
 31538 | Orc:2    | Found a runed translucent gate.
 32030 | Orc:2    | Reached XP level 14. HP: 73/73 MP: 6/29
 32183 | Orc:2    | Killed from afar by an ogre mage
 32184 | Orc:2    | Reached XP level 13. HP: -21/69 MP: 4/28
 32422 | Orc:2    | Noticed Pooter's ghost (journeyman MiBe)
 32424 | Orc:2    | Found a runed translucent gate.
 32508 | Orc:2    | Found Yhescheg's Magic Scroll Boutique.
 32508 | Orc:2    | Found Ublivoan's Armour Emporium.
 32508 | Orc:2    | Found Bisyit's Book Emporium.
 32508 | Orc:2    | Found Boamotze's Jewellery Shop.
 32636 | Orc:2    | Bought a scroll of acquirement for 780 gold pieces
 32678 | Orc:2    | Found a staircase to the Elven Halls.
 32692 | Orc:2    | Acquired 1168 gold pieces
 33062 | Orc:2    | Killed Pooter's ghost
 33217 | Orc:2    | Bought a book of Beasts for 418 gold pieces
 33223 | Orc:2    | Learned a level 5 spell: Summon Mana Viper
 33903 | D:13     | Reached skill level 1 in Transmutations
 35735 | D:14     | Reached skill level 5 in Air Magic
 35935 | D:14     | Found a blossoming altar of Fedhas.
 36838 | D:14     | Reached XP level 14. HP: 73/73 MP: 11/30
 37262 | D:14     | Found a gate to the Vaults.
 37386 | D:14     | Reached skill level 5 in Transmutations
 37623 | D:14     | Noticed Rupert
 37650 | D:14     | Killed Rupert
 37987 | D:15     | Entered Level 15 of the Dungeon
 39104 | D:15     | Noticed a frost giant
 39118 | D:15     | Killed a frost giant
 39811 | D:15     | Found the +6 arbalest "Damnation" {damnation}
 39867 | D:15     | Found a staircase to the Depths.
 40012 | Lair:1   | Bought Sif Muna's Volume of Invitation and the Shapeshifter
                  | for 646 gold pieces
 40019 | Lair:1   | Learned a level 6 spell: Summon Cactus Giant
 40076 | Snake:1  | Entered Level 1 of the Snake Pit
 42155 | Snake:1  | Reached XP level 15. HP: 77/77 MP: 20/31
 42670 | Snake:2  | Noticed Vashnia
 43202 | Snake:2  | Found a blossoming altar of Fedhas.
 43316 | Snake:2  | Reached skill level 10 in Transmutations
 43585 | Snake:2  | Engulfed by their own flame

Illustrated notes

Levels and vault maps discovered:
D:1:      ncdulo_halloftheorcs, layout_loops_ring, grunt_decor_arrowhead
D:2:      layout_basic, basic_altar, fountainhead, roderic_three_in_a_row
D:3:      layout_basic, serial_aquarium, aquarium_bridge_square
          [aquarium_subvault_bridge, aquarium_subvault_wall,
          aquarium_subvault_wall, aquarium_subvault_wall],
          aquarium_bridge_square [aquarium_subvault_wall,
          aquarium_subvault_bridge, aquarium_subvault_window,
          aquarium_subvault_wall], aquarium_window_fake, aquarium_window_1,
          aquarium_view_2f, aquarium_view_2a
D:4:      layout_layer_cave, nrook_campfire, nicolae_wormholes, uniq_ijyb
D:5:      layout_rooms, grunt_temple_overflow_order_and_chaos_1, uniq_grinder
D:6:      layout_rooms, chequers_temple_overflow_minitemple,
          lemuel_temple_firewalk_a, minivault_26, serial_park_tiny_2,
          minmay_increasing_density, uniq_pikel, uniq_duvessa, uniq_edmund,
          uniq_blork_the_orc
D:7:      layout_basic, roderic_filled_cross
D:8:      layout_basic, ebering_ghost_reflecting_pool
D:9:      layout_cross, nemelex_spade_bored_becter,
          mainiacjoe_overflow_brackets, uniq_prince_ribbit1
D:10:     layout_irregular_city, gammafunk_temple_overflow_forgotten,
          serial_bayou, serial_bayou_pond_b, serial_bayou_pond_e,
          serial_bayou_pond_a, serial_bayou_shore_b, minmay_misc_feat_plants,
          uniq_erica
D:11:     layout_roguey, lair_entry_dummy, zombieorc2_lemuel
D:12:     layout_grid_maze, uniq_sonja
D:13:     layout_irregular_city, hangedman_decor_points
D:14:     layout_basic, grunt_vaults_entry_fortified, fedhas_altar_fruit_tree,
          uniq_rupert
D:15:     grunt_enter_depths_snipers, layout_cave_pools,
          amcnicky_mini_rare_corridor_liquid, minmay_misc_feat_chi,
          hellmonk_guarded_unrand_damnation
Temple:   nicolae_temple_bog_church
Lair:1:   wad_woods_04, layout_cave_pods, beast_lair_carwin_11, uniq_maggie
Lair:2:   layout_small_grid, minmay_swamp_entry_swarm
Lair:3:   layout_regular_city, nicolae_snake_entry_warm_welcome,
          enter_volcano_4, columned_hall_lemuel,
          nicolae_lair_grove_arrangements, wad_woods_road_03,
          kennysheep_catoblepas_arena, serial_bayou_shore_a
Lair:4:   layout_loops_ring
Lair:5:   hangedman_lair_in_review, layout_cave_pods, slime_entry_2,
          portal_ice_cave_entry_pillars_2
Snake:1:  nicolae_snake_attic_fulla_snakes, layout_layer_cave,
          grunt_megastairs_2
Snake:2:  nicolae_cobra_stairs, layout_chambers, basic_altar, st_stairs_2,
          lemuel_fruit_tree, uniq_aizul, uniq_vashnia
Orc:1:    layout_caves, basic_altar
Orc:2:    st_orc_ogre_mass, layout_caves, ebering_ghost_rock_garden

Skill      XL: |  1  2  3  4  5  6  7  8  9 10 11 12 13 14 15 |
---------------+----------------------------------------------+-----
Spellcasting   | 3 4 5 7 10 9 11 | 11.0
Summonings     | 5 6 7 9 10 12 | 12.0
Hexes          | 1 4 |  4.0
Air Magic      | 4 5 8 9 |  9.4
Dodging        | 3 7 9 13 15 19 | 19.4
Fighting       | 4 7 9 12 15 | 15.1
Translocations | 4 |  4.0
Transmutations | 4 9 10 | 10.0
Stealth        | |  2.6

Action                     |  1- 3 |  4- 6 |  7- 9 | 10-12 | 13-15 || total
---------------------------+-------+-------+-------+-------+-------++-------
  Melee: Unarmed           |     9 |     8 |    20 |   412 |    61 ||   510
         Bite              |     2 |       |     4 |   119 |    11 ||   136
         Punch             |       |       |       |    24 |     1 ||    25
   Cast: Summon Small Mamm |    68 |    25 |    42 |    80 |    97 ||   312
         Call Imp          |    16 |    11 |    33 |    53 |    80 ||   193
         Call Canine Famil |       |    17 |    47 |    55 |   119 ||   238
         Summon Guardian G |       |     3 |    28 |    57 |   185 ||   273
         Summon Lightning  |       |       |    23 |    65 |   129 ||   217
         Summon Mana Viper |       |       |       |       |    69 ||    69
         Summon Forest     |       |       |       |       |    43 ||    43
         Summon Cactus Gia |       |       |       |       |    30 ||    30
 Invoke: Call Merchant     |       |       |       |     3 |     3 ||     6
  Evoke: Wand              |       |       |       |     2 |     9 ||    11
    Use: Scroll            |       |       |    14 |    10 |     9 ||    33
         Potion            |       |       |     2 |     1 |     6 ||     9
   Stab: Sleeping          |       |       |     1 |       |       ||     1
         Distracted        |       |       |       |       |     4 ||     4
 Armour: Skin              |     2 |    12 |    14 |    12 |    29 ||    69
  Dodge: Dodged            |    30 |    34 |    68 |   121 |   486 ||   739

Table legend: (Time is in decaauts)
 A = Elapsed time spent in this place.
 B = Non-inter-level travel time spent in this place.
 C = Inter-level travel time spent in this place.
 D = Time resting spent in this place.
 E = Time spent auto-exploring this place.
 F = Levels seen in this place.
 G = Mean time per level.
                   A        B        C        D        E       F      G
               +--------+--------+--------+--------+--------+-----+--------+
         Total |  39767 |  38695 |   1072 |   6061 |  24325 |  27 | 1472.9 |
       Dungeon |  20131 |  19620 |    511 |   2274 |  13434 |  15 | 1342.1 |
        Temple |     22 |     15 |      7 |      0 |      4 |   1 |   22.0 |
          Lair |  10206 |   9858 |    348 |   1067 |   6188 |   5 | 2041.2 |
     Snake Pit |   3203 |   3084 |    119 |    296 |   2382 |   2 | 1601.5 |
  Orcish Mines |   2868 |   2783 |     85 |    520 |   1664 |   2 | 1434.0 |
      Ice Cave |   2959 |   2959 |      0 |   1811 |    558 |   1 | 2959.0 |
       Volcano |    374 |    374 |      0 |     93 |     93 |   1 |  374.0 |
               +--------+--------+--------+--------+--------+-----+--------+

Top non-repeatable levels by time:
    D:14: 3017 daAuts
   IceCv: 2959 daAuts
 Snake:1: 2792 daAuts
  Lair:1: 2741 daAuts
  Lair:3: 2193 daAuts
  Lair:5: 2097 daAuts
  Lair:2: 1994 daAuts
     D:6: 1819 daAuts
   Orc:2: 1809 daAuts
    D:10: 1772 daAuts
    D:13: 1488 daAuts
    D:15: 1338 daAuts
    D:11: 1291 daAuts
    D:12: 1217 daAuts
     D:3: 1211 daAuts
